 Dungeon Crawl Stone Soup version 0.31.0-11-ge490571c62 (webtiles) character file.

Game seed: 11558764620468074547

19 Chiseanne the Changeling (level 2, -2/2 HPs)
             Began as an Octopode Shapeshifter on Feb 8, 2024.
             Slain by a hobgoblin (4 damage)
             ... on level 1 of the Dungeon.
             The game lasted 00:01:43 (294 turns).

Chiseanne the Changeling (Octopode Shapeshifter)     Turns: 294, Time: 00:01:44

Health: -2/2       AC:  3    Str: 23    XL:     2   Next: 75%
Magic:  2/2        EV:  8    Int: 12    God:
Gold:   57         SH:  0    Dex: 11    Spells: 1/1 levels left

rFire   + + .        f - melded +0 short sword (elec)
rCold   x . .        (shield currently unavailable)
rNeg    . . .        (helmet currently unavailable)
rPois   +            (no amulet)
rElec   .            (no ring)
rCorr   .            (no ring)
SInv    .            (no ring)
Will    .....        (no ring)
Stlth   +            (no ring)
HPRegen 0.20/turn    (no ring)
MPRegen 0.08/turn    (no ring)
                     (no ring)

%: no passive effects
@: dragon-form, flying
A: dragon claw, dragon scales, breathe fire, flying, reduced hp, almost no
armour, amphibious, 8 rings, giant, (camouflage 1), (gelatinous body 1), (nimble
swimmer 1), (tentacles)
a: Breathe Fire, Begin Untransformation


You were on level 1 of the Dungeon.
You were a fearsome dragon!
You visited 1 branch of the dungeon, and saw 1 of its levels.

You collected 57 gold pieces.

Inventory:

Hand Weapons
 f - a +0 short sword of electrocution (melded)
Missiles
 g - 5 stones (quivered)
Talismans
 b - a beast talisman
 c - a flux talisman
 i - a dragon-blood talisman (active)
Scrolls
 d - a scroll of blinking {unknown}
 h - a scroll of acquirement {unknown}
 j - a scroll of enchant armour {unknown}
Potions
 a - a potion of lignification
 e - a potion of haste {unknown}


   Skills:
 * Level 1.6 Fighting
 * Level 2.4 Dodging
 * Level 0.2 Stealth
 - Level 3.0 Unarmed Combat
 * Level 3.2 Shapeshifting


You had one spell level left.
You didn't know any spells.
Your spell library contained the following spells:

 Spells                   Type           Power      Damage    Failure   Level
 Freeze                   Ice            0%         1d3       32%         1
 Frozen Ramparts          Ice            0%         1d1       69%         3
 Hailstorm                Conj/Ice       0%         3d5       69%         3
 Ozocubu's Armour         Ice            0%         N/A       69%         3
 Metabolic Englaciation   Hex/Ice        0%         N/A       100%        5
 Sculpt Simulacrum        Ice/Alch       0%         N/A       100%        6


Dungeon Overview and Level Annotations

Branches:
Dungeon (1/15)

Altars:


Innate Abilities, Weirdness & Mutations

You are a fearsome dragon!
You have a powerful clawing attack.
Your giant scaled body is strong and resilient, but less evasive.
You can breathe fire.
You are flying.
Your maximum health is decreased, since you lack skill for your form.
Your armour is entirely melded.
You are incapable of wielding weapons or throwing items.
You cannot wear most types of armour.
You are amphibious.
You can wear up to eight rings at the same time.
((Your skin changes colour to match your surroundings (Stealth+).))
((Your rubbery body absorbs attacks. (AC +1, EV +1)))
((You are camouflaged when in or above water. (Stealth+)))
((You have tentacles for arms and can constrict up to eight enemies at once.))


Message History

No target in view!
No target in view!
No target in view!
No target in view!
No target in view!
No target in view!
No target in view!
You begin transforming.
You continue transforming. x3
Your transformation has ended.
You turn into a fearsome dragon!
Your +0 short sword of electrocution melds into your body.
Your +0 short sword of electrocution stops crackling.
You see here a quokka corpse.
Found a leather armour.
There is a stone staircase leading down here.
A bat comes into view.
You claw the bat!
You kill the bat!
You see here a bat corpse.
A goblin comes into view. It is wielding a +0 dagger.
The goblin shouts!
Found a scroll labelled XOAWNINEHEID.
You closely miss the goblin. The goblin hits you but does no damage.
You hit the goblin. Your claw misses the goblin.
The goblin is heavily wounded.
The goblin hits you but does no damage.
You claw the goblin!
You kill the goblin!
No target in view!
No target in view!
No target in view!
No target in view!
No target in view!
You see here a +0 dagger.
j - a scroll labelled XOAWNINEHEID A hobgoblin comes into view.
The hobgoblin shouts!
The hobgoblin hits you.
Ouch! That really hurt!
You die...

#.......... #########.#
#.......... #.......#.#
... #.......#.# ....
#.......#.# #
....###.........###.####
........###.#......^....
............#.##)######
####### #.......###.##.#
†.....## #...gD..#
#.##.# #####..#
#.......# #.##.#
..[....### ####....#
#.#..# .........####
#....# #.#.##
............# #....#
#...# #######.....#
########†.## #.....#
#...##
###.##########.#........
#............#########


You could see a hobgoblin.

Vanquished Creatures
  A dart slug (D:1)
  An endoplasm (D:1)
  3 goblins (D:1)
  A hobgoblin (D:1)
  2 jackals (D:1)
  A kobold (D:1)
  3 quokkas (D:1)
  A bat (D:1)
  A rat (D:1)
14 creatures vanquished.

Notes
Turn   | Place    | Note
-------+----------+-------------------------------------------
     0 | D:1      | Chiseanne the Octopode Shapeshifter began the quest for the
                  | Orb.
     0 | D:1      | Reached XP level 1. HP: 13/13 MP: 1/1
   135 | D:1      | Reached XP level 2. HP: 15/18 MP: 2/2
   294 | D:1      | Slain by a hobgoblin

Illustrated notes

Levels and vault maps discovered:
D:1:      evilmike_arrival_fibonacci_small, layout_basic

Action                     || total
---------------------------++-------
  Melee: Unarmed           ||    11
         Short sword       ||    13
         Constrict         ||     5
         Tentacles         ||     5
   Stab: Sleeping          ||     3
 Armour: Skin              ||     7
  Dodge: Dodged            ||    14
   Form: Beast             ||     2
         Flux              ||     1
         Dragon            ||     1
